 Dungeon Crawl Stone Soup version 0.28-a0-622-gbaef9634d7 (webtiles) character file.

Game seed: 13049206093519585224

116 ytrimaz the Skirmisher (level 4, 0/41 HPs)
             Began as a Minotaur Abyssal Knight on Oct 7, 2021.
             Was a Believer of Lugonu.
             Slain by Sigmund (10 damage)
             ... on level 3 of the Dungeon.
             The game lasted 00:03:37 (2468 turns).

ytrimaz the Skirmisher (Minotaur Abyssal Knight)    Turns: 2468, Time: 00:03:38

Health: 0/41       AC:  4    Str: 18    XL:     4   Next: 70%
Magic:  4/4        EV: 11    Int:  7    God:    Lugonu [**....]
Gold:   139        SH:  0    Dex: 13    Spells: 3/3 levels left

rFire   . . .      SeeInvis .   a - +1 hand axe
rCold   . . .      Faith    .   (no shield)
rNeg    . . .      Spirit   .   b - +0 leather armour
rPois   .          Reflect  .   (helmet restricted)
rElec   .          Harm     .   (no cloak)
rCorr   .          Rampage  .   e - +0 pair of gloves
Will    .....                   (no boots)
Stlth   +.........              (no amulet)
HPRegen 0.13/turn               (no ring)
MPRegen 0.09/turn               (no ring)

@: weak-willed, hasted, very quick
A: horns 2, retaliatory headbutt, agile 1, wild magic 1
a: Renounce Religion, Depart the Abyss, Bend Space


You were on level 3 of the Dungeon.
You worshipped Lugonu.
Lugonu was pleased with you.
You visited 1 branch of the dungeon, and saw 3 of its levels.
You visited the Abyss 1 time.

You collected 139 gold pieces.

Inventory:

Hand Weapons
 a - a +1 hand axe (weapon)
Armour
 b - a +0 leather armour (worn)
 e - a +0 pair of gloves (worn)
Jewellery
 m - a ring of positive energy
Scrolls
 f - a scroll of noise {unknown}
 j - 2 scrolls of teleportation {unknown}
 k - a scroll of enchant weapon {unknown}
 l - 3 scrolls of identify {unknown}
Potions
 c - a potion of mutation
 i - a potion of might {unknown}


   Skills:
 + Level 4.9 Fighting
 + Level 4.1 Axes
 + Level 3.3 Armour
 - Level 1.1 Dodging
 + Level 2.1 Invocations


You had 3 spell levels left.
You didn't know any spells.
Your spell library contained the following spells:

 Spells                   Type           Power      Damage    Failure   Level
 Sandblast                Erth           0%         2d4       58%         1
 Passwall                 Tmut/Erth      0%         N/A       71%         2
 Stone Arrow              Conj/Erth      0%         3d7       90%         3


Dungeon Overview and Level Annotations

Branches:
Dungeon (3/15)

Altars:
The Shining One

Annotations:
D:3 Sigmund


Innate Abilities, Weirdness & Mutations

You have a pair of horns on your head.
You reflexively headbutt those who attack you in melee.
You are agile. (Dex +2)
Your spells are a little harder to cast, but a little more powerful.


Message History

It was a potion of haste.
You feel yourself speed up.
A magic dart appears from out of thin air!
The magic dart hits you. Something hits you!
You feel better. Something hits you.
You hit something but do no damage. Something hits you but does no damage.
You miss something. You closely miss something.
You hear some strange, mumbled words.
You are confused.
You're too confused to move!
Something hits you!
You're too confused to move!
Unknown command.
Something hits you.
You hit something. You headbutt something. You barely miss something.
Your headbutt misses something.
You hear some strange, mumbled words.
Something tries to affect you, but you resist.
Something hits you but does no damage.
You're too confused to move!
Something hits you.
You closely miss something. Your headbutt misses something.
You feel less confused. Something hits you.
Unknown command.
You barely miss something. Something hits you.
* * * LOW HITPOINT WARNING * * *
You barely miss something. You closely miss something.
Your headbutt misses something. Something hits you!
* * * LOW HITPOINT WARNING * * *
Unknown command.
You feel better.
You feel better. Something hits you.
You miss something. You barely miss something. You closely miss something.
Your headbutt misses something. Something hits you!
* * * LOW HITPOINT WARNING * * *
You closely miss something. You closely miss something. You headbutt something.
Something hits you!
You die...

#............# #...
#####.######.# #...
#.# #.# #..)
##.######.# #.##
#......##.# #.#
#.......#.# #.#
#......)#.##########.#
#.......#.#...(......#
#.....@.#.#.##########
#.....{.#...#
######..#####
#.♣≈♣≈≈.♣## ♣...≈≈.≈≈#
#≈≈♣≈♣.≈.###
#≈≈≈.≈≈≈.≈≈#
#..≈≈≈.≈.≈≈#
#...$..♣≈♣.♣#


There were no monsters in sight!

Vanquished Creatures
  A jelly (D:2)
  3 adders
  3 worms (D:2)
  A dart slug (D:1)
  7 endoplasms
  A giant cockroach (D:2)
  4 goblins
  4 hobgoblins
  4 jackals (D:2)
  2 quokkas
  4 ball pythons
  3 bats
  4 frilled lizards
  3 kobolds (D:1)
  4 rats
48 creatures vanquished.

Notes
Turn   | Place    | Note
-------+----------+-------------------------------------------
     0 | Abyss:1  | ytrimaz the Minotaur Abyssal Knight began the quest for the
                  | Orb.
     0 | Abyss:1  | Reached XP level 1. HP: 19/19 MP: 1/1
    83 | Abyss:1  | Noticed a tentacled starspawn
    85 | Abyss:1  | Noticed a hellwing
    89 | Abyss:1  | Noticed a large abomination
    91 | D:1      | Escaped the Abyss
   144 | D:1      | Reached * piety under Lugonu
   312 | D:1      | Reached XP level 2. HP: 25/27 MP: 2/2
   422 | D:1      | Found a faded altar of an unknown god.
   905 | D:2      | Reached XP level 3. HP: 22/34 MP: 3/3
  1326 | D:2      | Reached XP level 4. HP: 35/41 MP: 4/4
  1797 | D:2      | Found a glowing golden altar of the Shining One.
  1818 | D:2      | Reached ** piety under Lugonu
  2422 | D:3      | Noticed Sigmund
  2430 | D:3      | Gained mutation: Your spells are a little harder to cast,
                  | but a little more powerful. [potion of mutation]
  2430 | D:3      | Gained mutation: You are agile. (Dex +2) [potion of
                  | mutation]
  2461 | D:3      | HP: 1/41 [something (9)]
  2468 | D:3      | Slain by Sigmund

Illustrated notes

Levels and vault maps discovered:
D:1:      dpeg_arrival_tiny_i, layout_rooms, ebering_ecumenical_altar_rust
D:2:      layout_basic, basic_altar
D:3:      layout_basic, corexii_item_surrounded_by_moat,
          chequers_serial_rivers_marsh, uniq_sigmund

Skill      XL: |  1  2  3  4 |
---------------+-------------+-----
Fighting       | 4 |  4.9
Axes           | 3 4 |  4.1
Invocations    | 2 |  2.1
Armour         | 3 |  3.3
Dodging        | |  1.1

Action                   |  1- 3 |  4- 6 || total
-------------------------+-------+-------++-------
Melee: Hand axe          |    64 |    47 ||   111
       Headbutt          |    10 |     7 ||    17
Invok: Depart the Abyss  |     1 |       ||     1
  Use: Potion            |       |     6 ||     6
       Scroll            |       |     1 ||     1
Armor: Leather armour    |    21 |    15 ||    36
Dodge: Dodged            |    33 |    23 ||    56

Table legend: (Time is in decaauts)
 A = Elapsed time spent in this place.
 B = Non-inter-level travel time spent in this place.
 C = Inter-level travel time spent in this place.
 D = Time resting spent in this place.
 E = Time spent auto-exploring this place.
 F = Levels seen in this place.
 G = Mean time per level.
                   A        B        C        D        E       F      G
               +--------+--------+--------+--------+--------+-----+--------+
         Total |   2472 |   2425 |     47 |      0 |   1956 |   4 |  618.0 |
       Dungeon |   2381 |   2334 |     47 |      0 |   1898 |   3 |  793.7 |
         Abyss |     91 |     91 |      0 |      0 |     58 |   1 |   91.0 |
               +--------+--------+--------+--------+--------+-----+--------+

Top non-repeatable levels by time:
     D:2: 1172 daAuts
     D:1: 702 daAuts
     D:3: 506 daAuts
 Abyss:1: 91 daAuts
